 Dungeon Crawl Stone Soup version 0.22-a0-815-gb582571 (webtiles) character file.

28 Amnesiac the Magician (level 2, -1/19 HPs)
             Began as a Mummy Earth Elementalist on July 23, 2018.
             Slain by an orc (5 damage)
             ... on level 4 of the Dungeon.
             The game lasted 00:01:24 (1083 turns).

Amnesiac the Magician (Mummy Earth Elementalist)    Turns: 1083, Time: 00:01:25

Health: -1/19      AC:  2    Str: 11    XL:     2   Next: 96%
Magic:  0/6        EV: 12    Int: 14    God:
Gold:   47         SH:  0    Dex: 12    Spells: 4/7 levels left

rFire    . . .     SeeInvis .   j - +0 quarterstaff
rCold    . . .     Gourm    .   (shield currently unavailable)
rNeg     + + +     Faith    .   c - +0 robe
rPois    ∞         Spirit   .   (no helmet)
rElec    .         Reflect  .   (no cloak)
rCorr    .         Harm     .   (no gloves)
MR       .....                  (no boots)
Stlth    ++........             (no amulet)
HPRegen  0.06/turn              e - ring of fire
MPRegen  0.10/turn              (no ring)

@: no status effects
A: no food or potions, fire vulnerability, cold resistance 1, negative energy
resistance 3, torment resistance, unbreathing
a: no special abilities


You were on level 4 of the Dungeon.
You were not hungry.

You visited 1 branch of the dungeon, and saw 5 of its levels.

You collected 47 gold pieces.

Inventory:

Hand Weapons
 j - a +0 quarterstaff (weapon)
Missiles
 b - 8 stones (quivered)
Armour
 c - a +0 robe (worn)
Jewellery
 e - a ring of fire (left hand)
 h - an uncursed ring of fire
Scrolls
 a - a scroll of remove curse {!r, unknown}
 d - 4 scrolls of identify {!r, unknown}
 f - a scroll of fear {!r, unknown}
 g - a scroll of amnesia {!r, unknown}
 i - a scroll of teleportation {!r, unknown}


   Skills:
 - Level 1.5 Dodging
 - Level 1.5 Stealth
 + Level 3.2 Spellcasting
 - Level 0.7 Transmutations
 * Level 3.2 Earth Magic


You had 4 spell levels left.
You knew the following spells:

 Your Spells              Type           Power        Failure   Level  Hunger
a - Sandblast             Erth           ##....       5%          1    N/A
b - Passwall              Tmut/Erth      #.......     14%         2    N/A

Your spell library contained the following spells:

 Spells                   Type           Power        Failure   Level  Hunger
 Stone Arrow              Conj/Erth      #.....       32%         3    N/A
 Lee's Rapid Deconstruct  Erth           ##........   83%         5    N/A
 Petrify                  Tmut/Erth      #.......     67%         4    N/A

Dungeon Overview and Level Annotations

Branches:
Dungeon (5/15)
 Temple: D:4-7

Altars:
Makhleb


Innate Abilities, Weirdness & Mutations

You do not eat or drink.
Your flesh is vulnerable to fire.
You are immune to poison.
Your flesh is cold resistant. (rC+)
You are immune to negative energy. (rN+++)
You are immune to unholy pain and torment.
You can survive without breathing.


Message History

Press: ? - help, Shift-Dir - straight line, f/p - orc
Aim: an orc, wielding a club and wearing a ring mail The blast of sand hits the orc.
The orc is almost dead.
b - 13 stones The orc hits you with a club.
* * * LOW HITPOINT WARNING * * *
Casting: Sandblast (safe; 6% risk of failure)
Confirm with . or Enter, or press ? or * to list all spells.
Aiming: Sandblast (safe; 6% risk of failure)
Press: ? - help, Shift-Dir - straight line, f/p - orc
Aim: an orc, wielding a club and wearing a ring mail (almost dead)
The blast of sand hits the orc.
The orc is almost dead.
b - 12 stones
Casting: Sandblast (safe; 6% risk of failure)
Confirm with . or Enter, or press ? or * to list all spells.
Aiming: Sandblast (safe; 6% risk of failure)
Press: ? - help, Shift-Dir - straight line, f/p - orc
Aim: an orc, wielding a club and wearing a ring mail (almost dead)
The blast of sand hits the orc.
You kill the orc!
b - 11 stones
Casting: Sandblast (safe; 6% risk of failure)
Confirm with . or Enter, or press ? or * to list all spells.
You don't have enough magic to cast that spell.
Casting: Sandblast (safe; 6% risk of failure)
Confirm with . or Enter, or press ? or * to list all spells.
Aiming: Sandblast (safe; 6% risk of failure)
Press: ? - help, Shift-Dir - straight line, f - orc
Aim: an orc, wielding a flail The blast of sand hits the orc.
The orc is severely wounded.
b - 10 stones The orc barely misses you.
Press: ? - help, v - describe, . - travel
Here: an orc, wielding a flail (severely wounded)
The floor.
Casting: Sandblast (safe; 6% risk of failure)
Confirm with . or Enter, or press ? or * to list all spells.
Aiming: Sandblast (safe; 6% risk of failure)
Press: ? - help, Shift-Dir - straight line, f/p - orc
Aim: an orc, wielding a flail (heavily wounded)
The blast of sand hits the orc.
You kill the orc!
b - 9 stones Unknown command.
Press: ? - help, v - describe, . - travel
Here: an orc, wearing a scale mail The floor.
There is a stone staircase leading up here.
Casting: Sandblast (safe; 5% risk of failure)
Confirm with . or Enter, or press ? or * to list all spells.
Aiming: Sandblast (safe; 5% risk of failure)
Press: ? - help, Shift-Dir - straight line, f - orc
Aim: an orc, wearing a scale mail The blast of sand hits the orc.
b - 8 stones You hit the orc but do no damage.
The orc hits you.
* * * LOW HITPOINT WARNING * * *
The orc hits you.
* * * LOW HITPOINT WARNING * * *
You hit the orc but do no damage. The orc hits you.
You die...

#################
#..<..o@>.......#
#.#######.#####.## #.#
#####.# #..## #.#
#.....# #.#.###### #.#
#.###.# #....))...
#.###.###.#####...######
#.....)...........# #
###.#.##(#####...## #
#.#.##.# ##.## #


You could see an orc.

Vanquished Creatures
  An adder (D:3)
  A dart slug (D:3)
  3 orcs (D:4)
  2 goblins (D:3)
  2 jackals (D:1)
  2 bats (D:3)
  A frilled lizard (D:4)
  A kobold (D:3)
  A rat (D:3)
14 creatures vanquished.

Notes
Turn   | Place    | Note
-------+----------+-------------------------------------------
     0 | D:1      | Amnesiac the Mummy Earth Elementalist began the quest for the Orb.
     0 | D:1      | Reached XP level 1. HP: 13/13 MP: 4/4
   439 | D:3      | Reached XP level 2. HP: 19/19 MP: 5/5
   443 | D:3      | Learned a level 2 spell: Passwall
   892 | D:3      | Found a burning altar of Makhleb.
   948 | D:5      | Entered Level 5 of the Dungeon
  1083 | D:4      | Slain by an orc

Vault maps used:
D:1:      nicolae_arrival_washed_ashore, corner_web_ring
D:2:      nemelex_xobeh_ov_fountains_minmay, lemuel_blue_sif_altar,
          lemuel_doored_altar, marbit_many_paths, old_standard_altar,
          interstate_on_off, kennysheep_jessica_study
D:3:      overflow_temple_1_default, serial_forest, infiniplex_forest_lined_3,
          infiniplex_forest_lined_2, infiniplex_forest_corner_1,
          infiniplex_forest_lined_3, infiniplex_forest_join,
          infiniplex_forest_clump_small
D:4:      serial_shops, shop, minmay_misc_feat_ornament
D:5:      zin_academy, first_ration

Skill      XL: |  1  2 |
---------------+-------+-----
Spellcasting   | 3 |  3.2
Earth Magic    | 3 |  3.2
Dodging        | |  1.5
Stealth        | |  1.5
Transmutations | |  0.7

Action                   || total
-------------------------++-------
Melee: Unarmed           ||     4
       Quarterstaff      ||     7
 Cast: Sandblast         ||    22
 Stab: Sleeping          ||     1
Armor: Robe              ||     1
Dodge: Dodged            ||     8

Table legend:
 A = Spawn XP
 B = Non-spawn XP
 C = Spawn XP percentage of total XP
 D = Spawn monster count
 E = Non-spawn monster count
 F = Spawn count percentage of total count
 G = Total turns spent on level
                    A         B        C        D         E        F      G
               +---------+---------+-------+---------+---------+-------+---------
         Total |       0 |      40 |   0.0 |       0 |      14 |   0.0 |  1083
               +---------+---------+-------+---------+---------+-------+---------
           D:1 |       0 |       4 |   0.0 |       0 |       2 |   0.0 |   116
           D:3 |       0 |      26 |   0.0 |       0 |       8 |   0.0 |   727
           D:4 |       0 |      10 |   0.0 |       0 |       4 |   0.0 |   168
               +---------+---------+-------+---------+---------+-------+---------
